AA
FARGO-MOORHEAD REDHAWKS @ GARY SOUTHSHORE RAILCATS
07/19/2072
 
TOP OF THE 1ST
Kansas City T-Bones batting - Pitching for Fargo-Moorhead RedHawks : LHP Bryan Page
Pitching: LHP Bryan Page
Batting: RHB Martin Rivera 0-0: Ground out 4-3 (Groundball, 4, EV 83.8 MPH)
Batting: RHB Adam Miller 0-0: Called Strike
0-1: Ball
1-1: Foul Ball, location: 2F
1-2: Fly out, F8 (Flyball, 78M, EV 89.4 MPH)
Batting: RHB Ross Hunt 0-0: Swinging Strike
0-1: Ball
1-1: Swinging Strike
1-2: Hit by Pitch
Batting: RHB Matt Peyton 0-0: Swinging Strike
0-1: Swinging Strike
0-2: Ball
1-2: Foul Ball, location: 2F
1-2: Ball
Wild Pitch!
Ross Hunt to second
2-2: Reached on error, E3 (Groundball, 34, EV 107.5 MPH)
Ross Hunt to third
Batting: LHB J.J. Hallberg 0-0: Ball
1-0: Called Strike
1-1: Fly out, F8 (Flyball, 8LM, EV 86.9 MPH)
Top of the 1st over - 0 runs, 0 hits, 1 error, 2 left on base; Kansas City 0 - Fargo-Moorhead 0
BOTTOM OF THE 1ST
Fargo-Moorhead RedHawks batting - Pitching for Kansas City T-Bones : RHP Jason Harper
Pitching: RHP Jason Harper
Batting: RHB Rich Boone 0-0: Ball
1-0: Foul Ball, location: 2F
1-1: Called Strike
1-2: Strikes out swinging
Batting: LHB Kyle Mathis 0-0: Ball
1-0: Ball
2-0: Called Strike
2-1: Ball
3-1: Foul Ball, location: 2F
3-2: Strikes out looking
Batting: LHB Noah Baker 0-0: Ball
1-0: Ball
2-0: SINGLE (Flyball, 4MD, EV 93.8 MPH)
Batting: LHB Pete Morton 0-0: Ball
1-0: Fly out, F4 (Flyball, 3D, EV 86.9 MPH)
Bottom of the 1st over - 0 runs, 1 hit, 0 errors, 1 left on base; Kansas City 0 - Fargo-Moorhead 0
TOP OF THE 2ND
Kansas City T-Bones batting - Pitching for Fargo-Moorhead RedHawks : LHP Bryan Page
Batting: LHB Ramon Velasco 0-0: Ball
1-0: Reached on error, E2 (Popup, 15S, EV 88.1 MPH)
Batting: RHB Jesus Felix 0-0: Swinging Strike
0-1: Called Strike
0-2: Strikes out swinging
Batting: RHB Josh Marion 0-0: Called Strike
0-1: Ball
1-1: Ball
2-1: TRIPLE (Line Drive, 89XD, EV 111.9 MPH)
Ramon Velasco scores
Batting: LHB Tony Marrero 0-0: Ball
1-0: Ball
2-0: Ball
3-0: Called Strike
3-1: Base on Balls
Batting: RHB Martin Rivera 0-0: Called Strike
Tony Marrero steals 2nd base
0-1: Ball
1-1: Ball
2-1: Ball
3-1: Called Strike
3-2: Foul Ball, location: 2F
3-2: Base on Balls
Batting: RHB Adam Miller 0-0: Ball
1-0: Ball
2-0: Swinging Strike
2-1: Ball
3-1: Base on Balls
Josh Marion scores
Tony Marrero to third
Martin Rivera to second
Batting: RHB Ross Hunt 0-0: Ball
1-0: Called Strike
1-1: Ball
2-1: Called Strike
2-2: Ball
3-2: Foul Ball, location: 2F
3-2: Base on Balls
Tony Marrero scores
Martin Rivera to third
Adam Miller to second
Batting: RHB Matt Peyton 0-0: Ball
1-0: Called Strike
1-1: Ball
2-1: Ball
3-1: Foul Ball, location: 2F
3-2: Grounds into double play, 4-6-3 (Groundball, 4, EV 85.0 MPH)
Top of the 2nd over - 3 runs, 1 hit, 1 error, 2 left on base; Kansas City 3 - Fargo-Moorhead 0
BOTTOM OF THE 2ND
Fargo-Moorhead RedHawks batting - Pitching for Kansas City T-Bones : RHP Jason Harper
Batting: RHB Jon Ballejos 0-0: Called Strike
0-1: Ball
1-1: Ground out 5-3 (Groundball, 56, EV 86.9 MPH)
Batting: RHB Luis Nerey 0-0: Ground out 6-3 (Groundball, 6, EV 103.1 MPH)
Batting: RHB Kyle Connally 0-0: Ball
1-0: Fly out, F3 (Popup, 34, EV 68.8 MPH)
Bottom of the 2nd over - 0 runs, 0 hits, 0 errors, 0 left on base; Kansas City 3 - Fargo-Moorhead 0
TOP OF THE 3RD
Kansas City T-Bones batting - Pitching for Fargo-Moorhead RedHawks : LHP Bryan Page
Batting: LHB J.J. Hallberg 0-0: Called Strike
0-1: Foul Ball, location: 2F
0-2: Ball
1-2: Ball
2-2: Ground out 6-3 (Groundball, 56, EV 102.5 MPH)
Batting: LHB Ramon Velasco 0-0: Ball
1-0: Ball
2-0: Fly out, F7 (Line Drive, 78M, EV 109.4 MPH)
Batting: RHB Jesus Felix 0-0: Called Strike
0-1: Ball
1-1: Foul Ball, location: 2F
1-2: Foul Ball, location: 2F
1-2: Foul Ball, location: 2F
1-2: Ball
2-2: Fly out, F8 (Flyball, 8RS, EV 82.5 MPH)
Top of the 3rd over - 0 runs, 0 hits, 0 errors, 0 left on base; Kansas City 3 - Fargo-Moorhead 0
BOTTOM OF THE 3RD
Fargo-Moorhead RedHawks batting - Pitching for Kansas City T-Bones : RHP Jason Harper
Batting: RHB Allen Ollison 0-0: Called Strike
0-1: Ball
1-1: Ground out 6-3 (Groundball, 6, EV 98.8 MPH)
Batting: LHB Tony Huerta 0-0: Ground out 4-3 (Groundball, 4, EV 83.1 MPH)
Batting: RHB Rich Boone 0-0: Fly out, F5 (Line Drive, 5, EV 72.5 MPH)
Bottom of the 3rd over - 0 runs, 0 hits, 0 errors, 0 left on base; Kansas City 3 - Fargo-Moorhead 0
TOP OF THE 4TH
Kansas City T-Bones batting - Pitching for Fargo-Moorhead RedHawks : LHP Bryan Page
Batting: RHB Josh Marion 0-0: Ball
1-0: Swinging Strike
1-1: Called Strike
1-2: Ground out 6-3 (Groundball, 6, EV 101.2 MPH)
Batting: LHB Tony Marrero 0-0: Foul Ball, location: 2F
0-1: Ball
1-1: Ball
2-1: Ground out 4-3 (Groundball, 4S, EV 80.6 MPH)
Batting: RHB Martin Rivera 0-0: Called Strike
0-1: SINGLE (Groundball, 34D, EV 99.4 MPH)
Batting: RHB Adam Miller 0-0: Called Strike
0-1: Ball
1-1: SINGLE (Flyball, 4MD, EV 86.9 MPH)
Martin Rivera to second
Batting: RHB Ross Hunt 0-0: Called Strike
0-1: Foul Ball, location: 2F
0-2: Ball
1-2: Foul Ball, location: 2F
1-2: DOUBLE (Flyball, 8LXD, EV 89.4 MPH)
Martin Rivera scores
Adam Miller to third
Batting: RHB Matt Peyton 0-0: Ball
1-0: Ball
2-0: Foul Ball, location: 2F
2-1: Ball
3-1: Base on Balls
Batting: LHB J.J. Hallberg 0-0: Ball
1-0: Foul Ball, location: 2F
1-1: DOUBLE (Flyball, 8RXD, EV 95.6 MPH)
Adam Miller scores
Ross Hunt scores
Matt Peyton to third
Runner from 3rd tries for Home, SAFE, no throw by CF
Pitching: RHP Ryan Flores
Batting: LHB Ramon Velasco 0-0: Ball
1-0: Swinging Strike
1-1: Ball
2-1: Ball
3-1: Foul Ball, location: 2F
3-2: Base on Balls
Batting: RHB Jesus Felix 0-0: Fly out, F8 (Flyball, 8RM, EV 90.0 MPH)
Top of the 4th over - 4 runs, 4 hits, 0 errors, 2 left on base; Kansas City 7 - Fargo-Moorhead 0
BOTTOM OF THE 4TH
Fargo-Moorhead RedHawks batting - Pitching for Kansas City T-Bones : RHP Jason Harper
Batting: LHB Kyle Mathis 0-0: Ground out 4-3 (Groundball, 4, EV 87.5 MPH)
Batting: LHB Noah Baker 0-0: Ball
1-0: Foul Ball, location: 2F
1-1: Called Strike
1-2: SINGLE (Line Drive, 78S, EV 93.8 MPH)
Batting: LHB Pete Morton 0-0: Ball
1-0: SINGLE (Flyball, 8LS, EV 98.1 MPH)
Noah Baker to second
Batting: RHB Jon Ballejos 0-0: Ball
1-0: Ball
2-0: Called Strike
2-1: Ball
3-1: Fly out, F3 (Popup, 3S, EV 80.0 MPH)
Batting: RHB Luis Nerey 0-0: Ball
1-0: Ball
2-0: Ball
3-0: Called Strike
3-1: Base on Balls
Noah Baker to third
Pete Morton to second
Batting: RHB Kyle Connally 0-0: Ground out 5-3 (Groundball, 56S, EV 75.0 MPH)
Bottom of the 4th over - 0 runs, 2 hits, 0 errors, 3 left on base; Kansas City 7 - Fargo-Moorhead 0
TOP OF THE 5TH
Kansas City T-Bones batting - Pitching for Fargo-Moorhead RedHawks : RHP Ryan Flores
Batting: RHB Josh Marion 0-0: Ball
1-0: Ball
2-0: Ground out 6-3 (Groundball, 6MS, EV 89.4 MPH)
Batting: LHB Tony Marrero 0-0: Called Strike
0-1: Ball
1-1: Ball
2-1: Ball
3-1: Swinging Strike
3-2: Base on Balls
Batting: RHB Martin Rivera 0-0: Foul Ball, location: 2F
0-1: Ball
1-1: Foul Ball, location: 2F
1-2: Foul Ball, location: 2F
1-2: Ball
2-2: SINGLE (Line Drive, 7S, EV 86.2 MPH)
Tony Marrero to second
Batting: RHB Adam Miller 0-0: Ball
1-0: Grounds into double play, 6-4-3 (Groundball, 6, EV 85.0 MPH)
Top of the 5th over - 0 runs, 1 hit, 0 errors, 1 left on base; Kansas City 7 - Fargo-Moorhead 0
BOTTOM OF THE 5TH
Fargo-Moorhead RedHawks batting - Pitching for Kansas City T-Bones : RHP Jason Harper
Batting: RHB Allen Ollison 0-0: Foul Ball, location: 2F
0-1: Ball
1-1: Ball
2-1: Ball
3-1: Called Strike
3-2: Strikes out looking
Batting: LHB Tony Huerta 0-0: Ball
1-0: Called Strike
1-1: Ball
2-1: SINGLE (Line Drive, 4D, EV 98.8 MPH)
Batting: RHB Rich Boone 0-0: Grounds into double play, 6-4-3 (Groundball, 6, EV 91.9 MPH)
Bottom of the 5th over - 0 runs, 1 hit, 0 errors, 0 left on base; Kansas City 7 - Fargo-Moorhead 0
TOP OF THE 6TH
Kansas City T-Bones batting - Pitching for Fargo-Moorhead RedHawks : RHP Ryan Flores
Batting: RHB Ross Hunt 0-0: Ball
1-0: Ball
2-0: Ball
3-0: Called Strike
3-1: Base on Balls
Batting: RHB Matt Peyton 0-0: Called Strike
0-1: Ball
1-1: Foul Ball, location: 2F
1-2: Ball
2-2: Ball
3-2: Foul Ball, location: 2F
3-2: Foul Ball, location: 2F
3-2: Strikes out looking
Batting: LHB J.J. Hallberg 0-0: Swinging Strike
0-1: Swinging Strike
0-2: Grounds into double play, 4-6-3 (Groundball, 4, EV 80.0 MPH)
Top of the 6th over - 0 runs, 0 hits, 0 errors, 0 left on base; Kansas City 7 - Fargo-Moorhead 0
BOTTOM OF THE 6TH
Fargo-Moorhead RedHawks batting - Pitching for Kansas City T-Bones : RHP Jason Harper
Batting: LHB Kyle Mathis 0-0: Called Strike
0-1: Foul Ball, location: 2F
0-2: Ground out 4-3 (Groundball, 4S, EV 85.0 MPH)
Batting: LHB Noah Baker 0-0: Called Strike
0-1: Ball
1-1: Ball
2-1: DOUBLE (Line Drive, 9LM, EV 105.0 MPH)
Batting: LHB Pete Morton 0-0: Ball
1-0: Called Strike
1-1: SINGLE (Groundball, 4D, EV 98.1 MPH)
Noah Baker to third
Runner from 3rd tries for Home, SAFE, throw by RF to home
Batting: RHB Jon Ballejos 0-0: Foul Ball, location: 2F
0-1: Grounds into double play, 6-4-3 (Groundball, 6, EV 85.6 MPH)
Bottom of the 6th over - 1 run, 2 hits, 0 errors, 0 left on base; Kansas City 7 - Fargo-Moorhead 1
TOP OF THE 7TH
Kansas City T-Bones batting - Pitching for Fargo-Moorhead RedHawks : RHP Ryan Flores
Pitching: RHP Rocky McKelvie
Batting: LHB Ramon Velasco 0-0: Foul Ball, location: 2F
0-1: Foul Ball, location: 2F
0-2: Ball
1-2: Foul Ball, location: 2F
1-2: Ball
2-2: Foul Ball, location: 2F
2-2: Ball
3-2: Foul Ball, location: 2F
3-2: SINGLE (Groundball, 4MD, EV 97.5 MPH)
Batting: RHB Jesus Felix 0-0: Called Strike
0-1: Swinging Strike
0-2: Ground out 5-3 (Groundball, 56S, EV 73.8 MPH)
Ramon Velasco to second
Batting: RHB Josh Marion 0-0: Foul Ball, location: 2F
0-1: Ball
1-1: Called Strike
1-2: Ball
2-2: Ball
3-2: Ground out 5-3 (Groundball, 56S, EV 88.1 MPH)
Batting: LHB Tony Marrero 0-0: Ground out U3 (Groundball, 3S, EV 70.0 MPH)
Top of the 7th over - 0 runs, 1 hit, 0 errors, 1 left on base; Kansas City 7 - Fargo-Moorhead 1
BOTTOM OF THE 7TH
Fargo-Moorhead RedHawks batting - Pitching for Kansas City T-Bones : RHP Jason Harper
Batting: RHB Luis Nerey 0-0: Ball
1-0: Ground out 5-3 (Groundball, 5L, EV 101.2 MPH)
Batting: RHB Kyle Connally 0-0: Called Strike
0-1: Ball
1-1: Foul Ball, location: 2F
1-2: Ball
2-2: Ground out 6-3 (Groundball, 6, EV 81.9 MPH)
Batting: RHB Allen Ollison 0-0: Fly out, F4 (Flyball, 34D, EV 88.8 MPH)
Bottom of the 7th over - 0 runs, 0 hits, 0 errors, 0 left on base; Kansas City 7 - Fargo-Moorhead 1
TOP OF THE 8TH
Kansas City T-Bones batting - Pitching for Fargo-Moorhead RedHawks : RHP Rocky McKelvie
Pitching: RHP Zach Arneson
Batting: RHB Martin Rivera 0-0: Ball
1-0: Called Strike
1-1: Foul Ball, location: 2F
1-2: TRIPLE (Line Drive, 89XD, EV 102.5 MPH)
Batting: RHB Adam Miller 0-0: Called Strike
0-1: Called Strike
0-2: Strikes out swinging
Batting: RHB Ross Hunt 0-0: Foul Ball, location: 2F
0-1: Ball
1-1: Ball
2-1: Foul Ball, location: 2F
2-2: Ball
3-2: Base on Balls
Batting: RHB Matt Peyton 0-0: Ball
1-0: Ball
2-0: Ball
3-0: Base on Balls
Ross Hunt to second
Batting: LHB J.J. Hallberg 0-0: Ball
1-0: Fly out, F8 (Line Drive, 8LD, EV 93.1 MPH)
Runner from 3rd tags up, SCORES, throw by CF
Ross Hunt to third
Batting: LHB Ramon Velasco 0-0: Ball
1-0: Ball
2-0: Ball
3-0: Base on Balls
Matt Peyton to second
Batting: RHB Jesus Felix 0-0: Ball
1-0: Foul Ball, location: 2F
1-1: Foul Ball, location: 2F
1-2: TRIPLE (Groundball, 3L, EV 106.2 MPH)
Ross Hunt scores
Matt Peyton scores
Ramon Velasco scores
Pitching: LHP Bill Cocherell
Batting: RHB Josh Marion 0-0: Ball
1-0: Ground out 6-3 (Groundball, 6, EV 103.1 MPH)
Top of the 8th over - 4 runs, 2 hits, 0 errors, 1 left on base; Kansas City 11 - Fargo-Moorhead 1
BOTTOM OF THE 8TH
Fargo-Moorhead RedHawks batting - Pitching for Kansas City T-Bones : RHP Jason Harper
Batting: LHB Tony Huerta 0-0: Called Strike
0-1: Called Strike
0-2: Ground out 6-3 (Groundball, 6, EV 90.0 MPH)
Batting: RHB Rich Boone 0-0: Called Strike
0-1: Hit by Pitch
Batting: LHB Kyle Mathis 0-0: Ball
1-0: Foul Ball, location: 2F
1-1: Ball
2-1: Ball
3-1: Fly out, F2 (Popup, 2R, EV 93.1 MPH)
Batting: LHB Noah Baker 0-0: Ball
1-0: Ball
2-0: Fly out, F9 (Flyball, 9LD, EV 105.0 MPH)
Bottom of the 8th over - 0 runs, 0 hits, 0 errors, 1 left on base; Kansas City 11 - Fargo-Moorhead 1
TOP OF THE 9TH
Kansas City T-Bones batting - Pitching for Fargo-Moorhead RedHawks : LHP Bill Cocherell
Batting: LHB Tony Marrero 0-0: Called Strike
0-1: Ball
1-1: Swinging Strike
1-2: Foul Ball, location: 2F
1-2: Ball
2-2: Strikes out looking
Batting: RHB Martin Rivera 0-0: Ball
1-0: Ground out 6-3 (Groundball, 6, EV 106.9 MPH)
Batting: RHB Adam Miller 0-0: Foul Ball, location: 2F
0-1: Ball
1-1: Ball
2-1: Ball
3-1: Called Strike
3-2: Foul Ball, location: 2F
3-2: Foul Ball, location: 2F
3-2: Ground out 1-3 (Groundball, 13S, EV 65.0 MPH)
Top of the 9th over - 0 runs, 0 hits, 0 errors, 0 left on base; Kansas City 11 - Fargo-Moorhead 1
BOTTOM OF THE 9TH
Fargo-Moorhead RedHawks batting - Pitching for Kansas City T-Bones : RHP Jason Harper
Batting: LHB Pete Morton 0-0: Hit by Pitch
Batting: RHB Jon Ballejos 0-0: Ball
1-0: Called Strike
1-1: Called Strike
1-2: Foul Ball, location: 2F
1-2: Ball
2-2: Foul Ball, location: 2F
2-2: Ball
3-2: Strikes out swinging
Pete Morton steals 2nd base (no throw)
Batter strikes out.
Batting: RHB Luis Nerey 0-0: Ball
1-0: SINGLE (Groundball, 6MD, EV 95.0 MPH)
Pete Morton to third
Batting: RHB Kyle Connally 0-0: Foul Ball, location: 2F
0-1: Ball
1-1: Ball
2-1: Fielders Choice at 2nd, 4-6 (Groundball, 4, EV 86.9 MPH)
Pete Morton scores
Batting: RHB Allen Ollison 0-0: Ball
1-0: Ball
2-0: Ball
3-0: Base on Balls
Kyle Connally to second
Pitching: RHP Robert Moreau
Batting: LHB Tony Huerta 0-0: Called Strike
0-1: Foul Ball, location: 2F
0-2: Ball
1-2: Strikes out looking
Bottom of the 9th over - 1 run, 1 hit, 0 errors, 2 left on base; Kansas City 11 - Fargo-Moorhead 2
Thursday, October 28th , 2021 - OOTP Baseball 22.10 Build 79